 Dungeon Crawl Stone Soup version 0.30-a0-989-g0d87f670db (webtiles) character file.

Game seed: 16936004950197482213

65 LobsterGuardian the Insei (level 3, -4/27 HPs)
             Began as a Demigod Transmuter on Apr 3, 2023.
             Killed by divine providence
             ... invoked by an orc priest
              (15 damage)
             ... on level 3 of the Dungeon.
             The game lasted 00:08:19 (1612 turns).

LobsterGuardian the Insei (Demigod Transmuter)      Turns: 1612, Time: 00:08:20

Health: -4/27      AC:  4    Str: 17    XL:     3   Next: 66%
Magic:  7/9        EV: 12    Int: 15    God:
Gold:   75         SH:  0    Dex: 18    Spells: 0/6 levels left

rFire   . . .      SeeInvis .      - Unarmed
rCold   . . .      Faith    .    (no shield)
rNeg    . . .      Spirit   .    e - +0 leather armour
rPois   .          Reflect  .    k - +0 helmet
rElec   .          Rampage  .    (no cloak)
rCorr   .                        (no gloves)
Will    .....                    (no boots)
Stlth   +                        (no amulet)
HPRegen 0.24/turn                g - +6 ring of strength
MPRegen 0.11/turn                (no ring)

@: wereblooded
A: high MP 1, forlorn, divine attributes
a: no special abilities


You were on level 3 of the Dungeon.
You visited 1 branch of the dungeon, and saw 3 of its levels.

You collected 75 gold pieces.

Inventory:

Armour
 e - a +0 leather armour (worn)
 k - a +0 helmet (worn)
Jewellery
 g - a +6 ring of strength (left hand)
Scrolls
 a - a scroll of teleportation {unknown}
 d - a scroll of fear
 f - a scroll of enchant armour {unknown}
 i - 3 scrolls of blinking
 l - a scroll of fog {unknown}
Potions
 b - 2 potions of lignification
 h - a potion of flight {unknown}
 j - a potion of haste {unknown}
 m - a potion of brilliance {unknown}
 n - 2 potions of heal wounds {unknown}


   Skills:
 + Level 0.9 Fighting
 + Level 0.2 Armour
 + Level 1.9 Dodging
 * Level 3.6 Unarmed Combat
 + Level 2.3 Spellcasting
 + Level 2.2 Transmutations


You couldn't memorise any spells.
You knew the following spells:

 Your Spells              Type           Power      Damage    Failure   Level
a - Beastly Appendage     Tmut           16%        N/A       10%         1
b - Wereblood             Tmut           8%         N/A       16%         2
c - Spider Form           Tmut/Pois      5%         N/A       43%         3

Your spell library contained the following spells:

 Spells                   Type           Power      Damage    Failure   Level
 Cigotuvi's Dreadful Rot  Necr/Pois/Air  2%         N/A       36%         2
 Poisonous Vapours        Pois/Air       2%         N/A       36%         2
 Mephitic Cloud           Conj/Pois/Air  1%         N/A       58%         3
 Ice Form                 Ice/Tmut       5%         N/A       85%         4


Dungeon Overview and Level Annotations

Branches:
Dungeon (3/15)

Shops:
D:2 ?[


Innate Abilities, Weirdness & Mutations

You have an increased reservoir of magic. (+10% MP)
You shall have no god before yourself.
Your divine heritage dramatically boosts your attributes as you level up.


Message History

You hit the orc. Your kick misses the orc.
The orc is heavily wounded.
Your transformation is almost over.
The orc hits you but does no damage.
You punch the orc!
You kill the orc!
An orc comes into view. It is wielding a +0 hand axe.
Found a stone staircase leading down.
The orc shouts!
You hear a shout!
An orc priest comes into view. It is wielding a +0 mace.
Things that are here:
a +0 trident; an orc corpse
Okay, then.
Casting: Beastly Appendage (safe; 11% risk of failure)
Confirm with . or Enter, or press ? or * to list all spells.
The spell is extremely dangerous to miscast (43% risk of failure)!
Continue anyway?
Okay, then.
Casting: Spider Form (extremely dangerous; 43% risk of failure)
Confirm with . or Enter, or press ? or * to list all spells.
Your blood is infused with primal strength.
The orc misses you.
You closely miss the orc. Your kick misses the orc.
Your headbutt misses the orc. The orc hits you with a +0 hand axe.
* * * LOW HITPOINT WARNING * * *
You feel better. The orc barely misses you.
You hit the orc. You headbutt the orc!
You feel a bit better.
You kill the orc!
Your horns disappear.
Your talons disappear.
Your +0 helmet unmelds from your body.
The orc priest closely misses you.
You see here a +0 hand axe.
You hit the orc priest but do no damage.
The orc priest barely misses you.
You hit the orc priest.
The orc priest is moderately wounded.
You howl as the wereblood boils in your veins!
The orc priest invokes the aid of Beogh against you.
Beogh smites you!
Ouch! That really hurt!
You die...

##.##
##..#
#..##
#.## .#
#.# o.
#.# #>
#.# #.
##.#
#..#@.#
#.o)##
#..##
#..#
#...
...##
#.## ..


You could see an orc priest.

Vanquished Creatures
  4 dart slugs
  2 orcs (D:3)
  4 ball pythons
  3 bats
  An endoplasm (D:2)
  A giant cockroach (D:1)
  5 goblins (D:1)
  10 hobgoblins
  2 jackals (D:1)
  3 quokkas
  3 frilled lizards
  6 kobolds
  3 rats (D:1)
47 creatures vanquished.

Notes
Turn   | Place    | Note
-------+----------+-------------------------------------------
     0 | D:1      | LobsterGuardian the Demigod Transmuter began the quest for
                  | the Orb.
     0 | D:1      | Reached XP level 1. HP: 15/15 MP: 5/5
    52 | D:1      | Reached skill level 3 in Unarmed Combat
    98 | D:1      | Reached XP level 2. HP: 16/22 MP: 4/7
   138 | D:1      | Learned a level 2 spell: Wereblood
   406 | D:1      | Reached XP level 3. HP: 27/27 MP: 6/8
   410 | D:1      | Learned a level 3 spell: Spider Form
   649 | D:2      | Found Hytwauh's Magic Scroll Emporium.
   804 | D:2      | Found Wyotuceo's Armour Shoppe.
  1612 | D:3      | Killed from afar by an orc priest

Illustrated notes

Levels and vault maps discovered:
D:1:      doesnt_arrival_eight_statues, layout_rooms, st_stairs_10,
          chequers_serial_rivers_marsh, minmay_cut_off
D:2:      layout_basic, serial_shops, nicolae_shop_stone, nicolae_square_shop
D:3:      layout_rooms, nicolae_vehumet_radiance, minmay_misc_feat_encased,
          chequers_serial_rivers_micro_a, minmay_close_crescents, uniq_ijyb

Skill      XL: |  1  2 |
---------------+-------+-----
Unarmed Combat | 3 |  3.6
Spellcasting   | 2 |  2.3
Transmutations | 2 |  2.2
Fighting       | |  0.9
Armour         | |  0.2
Dodging        | |  1.9

Action                     || total
---------------------------++-------
  Melee: Unarmed           ||   118
         Kick              ||    16
         Headbutt          ||    12
         Punch             ||     2
   Cast: Beastly Appendage ||    22
         Wereblood         ||     4
    Use: Scroll            ||     5
         Potion            ||     1
 Armour: Robe              ||     2
         Leather armour    ||    19
  Dodge: Dodged            ||    81

Table legend: (Time is in decaauts)
 A = Elapsed time spent in this place.
 B = Non-inter-level travel time spent in this place.
 C = Inter-level travel time spent in this place.
 D = Time resting spent in this place.
 E = Time spent auto-exploring this place.
 F = Levels seen in this place.
 G = Mean time per level.
                   A        B        C        D        E       F      G
               +--------+--------+--------+--------+--------+-----+--------+
         Total |   1608 |   1580 |     28 |     14 |   1260 |   3 |  536.0 |
       Dungeon |   1608 |   1580 |     28 |     14 |   1260 |   3 |  536.0 |
               +--------+--------+--------+--------+--------+-----+--------+

Top non-repeatable levels by time:
     D:2: 991 daAuts
     D:1: 552 daAuts
     D:3: 64 daAuts
